 Dungeon Crawl Stone Soup version 0.27.1 (webtiles) character file.

Game seed: 15207893652303274741

218 Naeght the Chopper (level 5, -4/47 HPs)
             Began as a Minotaur Fighter on Sept 3, 2021.
             Slain by Pikel (7 damage)
             ... on level 4 of the Dungeon.
             The game lasted 00:02:54 (2615 turns).

Naeght the Chopper (Minotaur Fighter)               Turns: 2615, Time: 00:02:54

Health: -4/47      AC:  7    Str: 21    XL:     5   Next: 63%
Magic:  4/4        EV:  9    Int:  6    God:
Gold:   104        SH:  4    Dex:  9    Spells: 4/4 levels left

rFire    + . .     SeeInvis .   a - +0 war axe
rCold    . . .     Faith    .   n - +0 buckler
rNeg     . . .     Spirit   .   b - +0 scale mail
rPois    .         Reflect  .   (helmet restricted)
rElec    .         Harm     .   (no cloak)
rCorr    .         Rampage  .   (no gloves)
Will     .....                  (no boots)
Stlth    ..........             (no amulet)
HPRegen  0.15/turn              w - ring of protection from fire
MPRegen  0.09/turn              (no ring)

@: no status effects
A: horns 2, retaliatory headbutt
a: no special abilities


You were on level 4 of the Dungeon.
You visited 1 branch of the dungeon, and saw 4 of its levels.

You collected 104 gold pieces.

Inventory:

Hand Weapons
 a - a +0 war axe (weapon)
Armour
 b - a +0 scale mail (worn)
 c - a +0 kite shield
 n - a +0 buckler (worn)
Jewellery
 w - a ring of protection from fire (left hand)
 x - a ring of magical power
Wands
 y - a wand of iceblast (11)
Scrolls
 f - a scroll of torment {unknown}
 i - 2 scrolls of identify {unknown}
 j - 3 scrolls of noise {unknown}
 k - a scroll of fear {unknown}
 l - 2 scrolls of teleportation {unknown}
 m - a scroll of acquirement {unknown}
 p - a scroll of immolation {unknown}
 q - a scroll of vulnerability {unknown}
 r - a scroll of blinking {unknown}
 t - a scroll of holy word {unknown}
 u - a scroll of magic mapping {unknown}
Potions
 d - 2 potions of might
 e - 3 potions of curing {unknown}
 g - 2 potions of resistance {unknown}
 h - 2 potions of degeneration {unknown}
 o - a potion of mutation {unknown}
 s - a potion of cancellation {unknown}
 v - a potion of attraction {unknown}


   Skills:
 + Level 4.8 Fighting
 * Level 5.1 Axes
 + Level 4.8 Armour
 - Level 4.2 Shields
 + Level 0.0 Evocations


You had 4 spell levels left.
You didn't know any spells.
Your spell library contained the following spells:

 Spells                   Type           Power      Damage    Failure   Level
 Ensorcelled Hibernation  Hex/Ice        0%         N/A       89%         2
 Static Discharge         Conj/Air       0%         N/A       89%         2
 Spider Form              Tmut/Pois      0%         N/A       98%         3
 Lightning Bolt           Conj/Air       0%         1d11      100%        5
 Shadow Creatures         Summ           N/A        N/A       100%        6
 Maxwell's Capacitive Co  Air            0%         ∞         100%        8


Dungeon Overview and Level Annotations

Branches:
Dungeon (4/15)
 Temple: D:4-7

Altars:

Annotations:
D:4 3 runed translucent doors, 0gre's ghost, novice DrIE; Natasha; Pikel


Innate Abilities, Weirdness & Mutations

You have a pair of horns on your head.
You reflexively headbutt those who attack you in melee.


Message History

Pikel hits you with a +0 whip of freezing.
Pikel freezes you.
You hear a shout!
You barely miss Natasha.
The lemure shouts!
You headbutt Natasha!
Natasha is heavily wounded.
You hit the quokka.
You kill the quokka!
You closely miss Pikel.
Natasha extends her claws.
Natasha casts a spell.
Pikel hits you with a +0 whip of freezing.
Pikel freezes you. Natasha claws you but does no damage.
You closely miss Natasha.
Natasha is heavily wounded.
You barely miss Pikel. You closely miss the white imp.
Pikel hits you with a +0 whip of freezing!
Pikel freezes you. Natasha claws you!
* * * LOW HITPOINT WARNING * * *
The white imp hits you.
* * * LOW HITPOINT WARNING * * *
The white imp freezes you.
* * * LOW HITPOINT WARNING * * *
You closely miss Natasha. Your headbutt misses Natasha.
Natasha is heavily wounded.
You closely miss the white imp. You barely miss Pikel.
Pikel hits you with a +0 whip of freezing.
* * * LOW HITPOINT WARNING * * *
Pikel freezes you.
* * * LOW HITPOINT WARNING * * *
The white imp gestures at you. The puff of frost hits you.
* * * LOW HITPOINT WARNING * * *
Natasha casts a spell.
You barely miss Natasha.
Natasha is heavily wounded.
You miss Pikel. You hit the white imp.
Pikel hits you with a +0 whip of freezing!
You die...

..# ...
#.##............# ..#
.... #.##...#....>. ..#
...... ####..###.....
..# ......
##.#..###.###.
..####+++####.........##
..........!............#
........#...........##..
................5....# .
#............#..@K...#
##..........##.h.....#
.>..##...... #..5.5.5#
.....#...... ##....5....
............ .......5..
............ ....#.###..
.....<...... .#..### ..
.................#
............


You could see Pikel, 4 lemures, Natasha, a crimson imp (summoned) and a white
imp (summoned).

Vanquished Creatures
  Purgy (D:3)
  Natasha (D:4)
  3 adders (D:2)
  4 dart slugs
  An orc (D:3)
  8 bats
  5 endoplasms
  A giant cockroach (D:2)
  5 goblins
  6 hobgoblins
  4 quokkas
  8 ball pythons
  8 frilled lizards (D:1)
  3 kobolds
  A rat (D:2)
59 creatures vanquished.

Vanquished Creatures (others)
  5 plants (D:4)
5 creatures vanquished.

Grand Total: 64 creatures vanquished

Notes
Turn   | Place    | Note
-------+----------+-------------------------------------------
     0 | D:1      | Naeght the Minotaur Fighter began the quest for the Orb.
     0 | D:1      | Reached XP level 1. HP: 19/19 MP: 0/0
   105 | D:1      | Reached XP level 2. HP: 27/27 MP: 1/1
   122 | D:1      | Reached skill level 3 in Axes
   576 | D:1      | Reached XP level 3. HP: 33/33 MP: 2/2
  1260 | D:2      | Reached XP level 4. HP: 35/40 MP: 3/3
  1532 | D:2      | Found a faded altar of an unknown god.
  1534 | D:2      | Reached skill level 4 in Axes
  1849 | D:3      | Noticed Purgy
  1860 | D:3      | Killed Purgy
  1861 | D:3      | Reached XP level 5. HP: 29/47 MP: 4/4
  2475 | D:4      | Found a runed translucent gate.
  2475 | D:4      | Found a runed translucent gate.
  2483 | D:4      | Found a runed translucent gate.
  2485 | D:4      | Noticed 0gre's ghost (novice DrIE)
  2501 | D:4      | Noticed Natasha
  2507 | D:4      | Killed Natasha
  2508 | D:4      | Reached skill level 5 in Axes
  2605 | D:4      | Noticed Natasha
  2606 | D:4      | Noticed Pikel
  2610 | D:4      | Noticed a lemure
  2610 | D:4      | Noticed a lemure
  2611 | D:4      | Noticed a lemure
  2611 | D:4      | Noticed a lemure
  2615 | D:4      | Slain by Pikel

Illustrated notes

Levels and vault maps discovered:
D:1:      erik_arrival_orb_chamber, layout_loops_ring, minmay_lizard_pond
D:2:      layout_basic, shapermc_ecumenical_altar_notcrosses
D:3:      layout_loops_corners, uniq_purgy
D:4:      layout_cave_pools, nicolae_gozag_cash_rules_everything_around_me,
          serial_shops, shop, gammafunk_ghost_cemetery, serial_bayou_lagoon_b,
          uniq_natasha, uniq_crazy_yiuf_cottage, uniq_eustachio, uniq_pikel

Skill      XL: |  1  2  3  4  5 |
---------------+----------------+-----
Axes           | 3 4 5 |  5.1
Fighting       | 4 |  4.8
Shields        | 4 |  4.2
Armour         | 4 |  4.8

Action                   |  1- 3 |  4- 6 || total
-------------------------+-------+-------++-------
Melee: War axe           |    98 |    48 ||   146
       Headbutt          |    11 |     4 ||    15
Armor: Scale mail        |    58 |    29 ||    87
Dodge: Dodged            |    37 |    22 ||    59
Block: Kite shield       |    67 |       ||    67
       Buckler           |       |    12 ||    12
